 Dungeon Crawl Stone Soup version 0.28.0-43-g3370ac3207 (webtiles) character file.

Game seed: 17187546336312406748

58275 nickcage the Bludgeoner (level 14, -2/118 HPs)
             Began as a Minotaur Fighter on Mar 3, 2022.
             Was a High Priest of Makhleb.
             Slain by a troll (11 damage)
             ... on level 12 of the Dungeon on Mar 7, 2022.
             The game lasted 01:05:22 (24962 turns).

nickcage the Bludgeoner (Minotaur Fighter)         Turns: 24962, Time: 01:05:23

Health: -2/118     AC: 21    Str: 28    XL:     14   Next: 48%
Magic:  18/18      EV:  9    Int:  5    God:    Makhleb [*****.]
Gold:   1005       SH:  0    Dex: 11    Spells: 13/13 levels left

rFire   + . .      SeeInvis .   n - +0 morningstar
rCold   x . .      Faith    .   c - +0 buckler
rNeg    . . .      Spirit   .   V - +0 shadow dragon scales
rPois   +          Reflect  +   K - +0 hat
rElec   .          Harm     .   (no cloak)
rCorr   .          Rampage  .   m - +0 pair of gloves
Will    +....                   h - +0 pair of boots
Stlth   ++........              r - amulet of reflection
HPRegen 0.29/turn               k - ring of poison resistance
MPRegen 0.16/turn               o - ring of Osiucuiff {Fire Str+3}

@: confused, ambrosia-drunk, studying Axes
A: horns 2, retaliatory headbutt
a: Renounce Religion, Minor Destruction, Lesser Servant of Makhleb, Major
Destruction, Greater Servant of Makhleb


You were on level 12 of the Dungeon.
You worshipped Makhleb.
Makhleb was extremely pleased with you.
You visited 3 branches of the dungeon, and saw 20 of its levels.

You collected 1115 gold pieces.
You spent 110 gold pieces at shops.

Inventory:

Hand Weapons
 n - a +0 morningstar (weapon)
 G - a +4 double sword
Missiles
 J - 9 poisoned darts (quivered)
Armour
 c - a +0 buckler (worn)
 h - a +0 pair of boots (worn)
 m - a +0 pair of gloves (worn)
 K - a +0 hat (worn)
 V - +0 shadow dragon scales (worn)
Jewellery
 b - a ring of ice
 f - a ring of see invisible
 k - a ring of poison resistance (left hand)
 o - the ring of Osiucuiff (right hand) {Fire Str+3}
   (You found it on level 12 of the Dungeon)

   [ring of fire]

   It enhances your fire magic.
   Str:       It affects your strength (+3).
   rF:        It protects you from fire.
   rC:        It makes you vulnerable to cold.
 r - an amulet of reflection (around neck)
 s - a +6 ring of strength
 T - a ring of ice
Wands
 t - a wand of acid (13)
 u - a wand of charming (6)
 w - a wand of polymorph (6)
 y - a wand of iceblast (30)
 L - a wand of digging (5)
Scrolls
 e - a scroll of silence
 i - 2 scrolls of blinking
 j - 5 scrolls of teleportation
 C - 3 scrolls of fear
 D - 6 scrolls of identify
 E - 2 scrolls of holy word
 F - 3 scrolls of immolation
 M - 2 scrolls of vulnerability {unknown}
 N - a scroll of enchant armour {unknown}
 O - a scroll of brand weapon {unknown}
 P - a scroll of fog
 Q - 2 scrolls of summoning
Potions
 a - a potion of ambrosia
 d - a potion of might
 g - 3 potions of lignification
 l - 3 potions of mutation
 p - 2 potions of cancellation
 q - 2 potions of haste
 v - 2 potions of resistance
 z - 4 potions of berserk rage
 A - a potion of flight
 H - 4 potions of curing
 I - a potion of invisibility
 W - 2 potions of magic


   Skills:
 * Level 9.0 Fighting
 - Level 19.9 Maces & Flails
 - Level 1.0 Throwing
 - Level 17.3 Armour
 - Level 11.4 Shields
 * Level 6.7 Invocations


You had 13 spell levels left.
You didn't know any spells.
Your spell library contained the following spells:

 Spells                   Type           Power      Damage    Failure   Level
 Apportation              Tloc           0%         N/A       90%         1
 Magic Dart               Conj           0%         1d3       90%         1
 Sandblast                Erth           0%         2d4       90%         1
 Summon Small Mammal      Summ           0%         N/A       90%         1
 Corpse Rot               Necr/Air       0%         N/A       97%         2
 Passwall                 Tmut/Erth      0%         N/A       97%         2
 Searing Ray              Conj           0%         2d4       97%         2
 Call Canine Familiar     Summ           0%         N/A       99%         3
 Dazzling Flash           Conj/Hex       0%         N/A       99%         3
 Gell's Gravitas          Tloc           0%         N/A       99%         3
 Stone Arrow              Conj/Erth      0%         3d7       99%         3
 Summon Guardian Golem    Hex/Summ       0%         N/A       99%         3
 Teleport Other           Tloc           0%         N/A       99%         3
 Animate Dead             Necr           0%         N/A       100%        4
 Dispel Undead            Necr           0%         3d6       100%        4
 Fulminant Prism          Conj/Hex       0%         3d6       100%        4
 Agony                    Necr           0%         N/A       100%        5
 Alistair's Intoxication  Tmut/Pois      0%         N/A       100%        5
 Borgnjor's Vile Clutch   Necr/Erth      0%         N/A       100%        5
 Silence                  Hex/Air        0%         N/A       100%        5
 Death Channel            Necr           0%         N/A       100%        6
 Dispersal                Tloc           0%         N/A       100%        6
 Eringya's Noxious Bog    Tmut/Pois      0%         N/A       100%        6


Dungeon Overview and Level Annotations

Branches:
Dungeon (13/15)            Temple (1/1) D:5            Lair (6/6) D:8
 Shoals (0/4) Lair:3       Spider (0/4) Lair:4          Orc (0/2) D:11
  Slime: Lair:5-6    Vaults: D:13-14

Altars:
Ashenzari
Cheibriados
Elyvilon
Fedhas
Makhleb
Nemelex Xobeh
Sif Muna
Vehumet
Yredelemnul
The Shining One
Beogh

Shops:
D:8 *

Annotations:
D:4 3 runed translucent doors, Sanktem7's ghost, novice MiFi
Lair:5 exclusion: 3 oklob plants


Innate Abilities, Weirdness & Mutations

You have a pair of horns on your head.
You reflexively headbutt those who attack you in melee.


Message History

The centaur warrior shoots an arrow.
The arrow closely misses you.
The centaur warrior shoots an arrow.
You reflect the arrow off an invisible shield around you!
The arrow hits the centaur warrior!
The centaur warrior shoots an arrow.
The arrow hits you!
* * * LOW HITPOINT WARNING * * *
The centaur warrior shoots an arrow.
The arrow hits you but does no damage.
The centaur warrior shoots an arrow.
The arrow hits you!!
* * * LOW HITPOINT WARNING * * *
The centaur warrior shoots an arrow.
You reflect the arrow off an invisible shield around you!
The arrow hits the centaur warrior!
The centaur warrior shoots an arrow.
You reflect the arrow off an invisible shield around you!
The arrow hits the centaur warrior!!
You kill the centaur warrior!
Makhleb accepts your kill.
You feel better.
Your Fighting skill increases to level 9!
The centaur warrior shoots an arrow.
The arrow barely misses you.
The centaur warrior shoots an arrow.
The arrow hits you!
* * * LOW HITPOINT WARNING * * *
The centaur warrior shoots an arrow.
You reflect the arrow off an invisible shield around you!
The arrow hits the centaur warrior!!
There is a stone staircase leading up here.
Magic restored.
The centaur warrior shoots an arrow.
The arrow hits you.
* * * LOW HITPOINT WARNING * * *
You block the troll's attack. x2; The troll claws you but does no damage.
You climb upwards.
There is a stone staircase leading down here.
You closely miss the troll. You block the troll's attack. The troll claws you.
* * * LOW HITPOINT WARNING * * *
The troll misses you.
You feel better. The troll closely misses you. You block the troll's attack.
The troll claws you!
* * * LOW HITPOINT WARNING * * *
You are confused.
You feel invigorated. The troll bites you!
You die...

.....#...# #.........###########
###..##..# #..#'####.#.........#
..##..#.## ##.#.# #.#.#######.#
...#..#.# #.#.# #.#.#######.#
..##..#.# #.#.# #.#.#.....#.#
.##..##.# ##...####'#.#.###.#.#
##...#..# #...........#<..#.#.#
....##.## #...........#.#.#.#.#
....#..# #...@.......#...#.#.#
...##..# #...T.......#####.#.#
'###...######.................#.#
.†...#.................########.#
###########.........#'## #.#
....................#.# #.#
###########..(......#.#########.#
###########.....(.....#
#############


You could see a troll.

Vanquished Creatures
  The ghost of Afrar the Peltast, a journeyman FoFi of Okawaru (D:12)
  3 boulder beetles
  2 hydras
  A catoblepas (Lair:5)
  2 two-headed ogres
  16 death yaks
  2 centaur warriors (D:13)
  Urug (Lair:3)
  A large abomination (Lair:6)
  An orb spider (Lair:4)
  2 cyclopes (D:11)
  2 manticores
  An ugly thing (D:12)
  12 elephants
  3 merfolk sirens (Lair:3)
  2 smoke demons (Lair:6)
  A gargoyle (D:5)
  8 black mambas
  10 cane toads
  Maggie (Lair:2)
  4 rime drakes
  2 ice devils (D:12)
  5 komodo dragons
  5 polar bears
  A hornet (D:9)
  A wolf spider simulacrum (D:12)
  25 blink frogs
  3 slime creatures (D:12)
  A merfolk (Lair:3)
  4 dream sheep (Lair:6)
  49 yaks
  4 centaur simulacra (D:12)
  A water elemental (D:10)
  A ynoxinul (Lair:6)
  A shadow (D:9)
  A wraith (D:11)
  7 basilisks
  A vampire (D:7)
  3 wyverns
  A steam dragon (D:6)
  An acid dragon (D:11)
  10 water moccasins
  3 small abominations (Lair:6)
  A hornet zombie (D:7)
  A meliai simulacrum (D:12)
  5 orc warriors
  2 sky beasts
  2 ice beasts (D:6)
  4 ogres
  2 necrophages
  11 wolves
  3 centaurs
  12 bullfrogs
  A kobold brigand (D:5)
  A wyvern zombie (D:5)
  2 scorpions
  2 gnoll sergeants (D:5)
  A water moccasin zombie (D:5)
  A wyvern skeleton (D:6)
  A water moccasin skeleton (D:4)
  12 killer bees
  2 howler monkeys
  6 electric eels (D:11)
  A centaur zombie (D:4)
  2 jellies (D:6)
  A bullfrog skeleton (D:3)
  6 hounds
  5 orc priests
  4 iguanas
  5 orc wizards
  7 hell rats
  2 hound skeletons
  2 howler monkey skeletons (D:5)
  5 gnolls
  3 adders
  A shadow imp (D:5)
  2 white imps (D:8)
  An ufetubus (D:5)
  A worm (D:5)
  An adder skeleton (D:4)
  3 dart slugs
  32 orcs
  3 endoplasms
  2 giant cockroaches
  4 goblins (D:1)
  4 hobgoblins
  3 jackals
  5 quokkas
  7 ball pythons
  5 bats
  2 frilled lizards (D:1)
  13 kobolds
  7 rats
417 creatures vanquished.

Vanquished Creatures (collateral kills)
  A cane toad (Lair:3)
1 creature vanquished.

Vanquished Creatures (others)
  43 fungi
  61 plants
104 creatures vanquished.

Grand Total: 522 creatures vanquished

Notes
Turn   | Place    | Note
-------+----------+-------------------------------------------
     0 | D:1      | nickcage the Minotaur Fighter began the quest for the Orb.
     0 | D:1      | Reached XP level 1. HP: 19/19 MP: 0/0
    13 | D:1      | Reached skill level 3 in Maces & Flails
    13 | D:1      | Reached XP level 2. HP: 18/26 MP: 1/1
   256 | D:1      | Found a faded altar of an unknown god.
   364 | D:1      | Reached skill level 4 in Maces & Flails
   755 | D:1      | Reached XP level 3. HP: 29/31 MP: 2/2
  1723 | D:3      | Reached skill level 5 in Maces & Flails
  1770 | D:3      | Reached XP level 4. HP: 39/39 MP: 3/3
  1770 | D:3      | Noticed an ogre
  1792 | D:3      | Killed an ogre
  1793 | D:3      | Reached skill level 6 in Maces & Flails
  1793 | D:3      | Reached XP level 5. HP: 19/45 MP: 4/4
  1999 | D:3      | Reached skill level 7 in Maces & Flails
  2620 | D:4      | Reached XP level 6. HP: 43/51 MP: 5/5
  2670 | D:4      | Found a runed translucent gate.
  2671 | D:4      | Found a runed translucent gate.
  2671 | D:4      | Noticed Sanktem7's ghost (novice MiFi)
  2672 | D:4      | Found a runed translucent gate.
  2673 | D:4      | Noticed an ice beast
  2674 | D:4      | Noticed an ice beast
  2785 | D:4      | Reached skill level 8 in Maces & Flails
  2891 | D:4      | Reached skill level 9 in Maces & Flails
  3222 | D:4      | Reached XP level 7. HP: 49/57 MP: 6/6
  3361 | D:5      | Entered Level 5 of the Dungeon
  3584 | D:5      | Reached skill level 10 in Maces & Flails
  3592 | D:5      | Noticed a gargoyle
  3609 | D:5      | Killed a gargoyle
  3610 | D:5      | Reached skill level 11 in Maces & Flails
  3610 | D:5      | Reached skill level 1 in Throwing
  3610 | D:5      | Reached XP level 8. HP: 32/64 MP: 7/7
  3643 | D:5      | HP: 4/96 [poisoned by a gnoll sergeant]
  4185 | D:5      | Reached skill level 12 in Maces & Flails
  4274 | D:5      | Found a staircase to the Ecumenical Temple.
  4279 | Temple   | Entered the Ecumenical Temple
  4291 | Temple   | Became a worshipper of Makhleb the Destroyer
  4808 | D:5      | Reached skill level 13 in Maces & Flails
  5527 | D:6      | Reached skill level 14 in Maces & Flails
  5527 | D:6      | Reached XP level 9. HP: 39/70 MP: 8/8
  5617 | D:6      | Reached skill level 15 in Maces & Flails
  6331 | D:6      | Reached skill level 16 in Maces & Flails
  7302 | D:7      | Reached XP level 10. HP: 77/77 MP: 9/9
  7498 | D:8      | Found Bougini's General Store.
  7506 | D:8      | Bought a potion of resistance for 110 gold pieces
  7545 | D:8      | Reached * piety under Makhleb
  7582 | D:8      | Found a staircase to the Lair.
  7704 | D:8      | Reached skill level 17 in Maces & Flails
  9313 | D:10     | Entered Level 10 of the Dungeon
  9769 | D:10     | Reached skill level 18 in Maces & Flails
 10105 | D:10     | Noticed a two-headed ogre
 10118 | D:10     | Killed a two-headed ogre
 10119 | D:10     | Reached skill level 5 in Armour
 10423 | D:10     | Reached skill level 5 in Shields
 10677 | D:10     | Found a white marble altar of Elyvilon.
 10691 | D:10     | Found a glowing golden altar of the Shining One.
 10804 | Lair:1   | Entered Level 1 of the Lair of Beasts
 10864 | Lair:1   | Noticed a cane toad
 10873 | Lair:1   | Killed a cane toad
 10921 | Lair:1   | Reached XP level 11. HP: 60/82 MP: 10/10
 11700 | Lair:1   | Reached ** piety under Makhleb
 12656 | Lair:2   | Noticed Maggie
 12676 | Lair:2   | Killed Maggie
 12678 | Lair:2   | HP: 1/82 [cane toad (15)]
 13314 | Lair:3   | Noticed Urug
 13355 | Lair:3   | Killed Urug
 13783 | Lair:3   | Reached skill level 10 in Armour
 14362 | Lair:3   | Noticed a death yak
 14375 | Lair:3   | Noticed a death yak
 14375 | Lair:3   | Noticed a death yak
 14389 | Lair:2   | Killed a death yak
 14481 | Lair:2   | Killed a death yak
 14626 | Lair:3   | Noticed a death yak
 14640 | Lair:2   | Killed a death yak
 14641 | Lair:2   | Reached XP level 12. HP: 63/90 MP: 11/11
 14757 | Lair:3   | Killed a death yak
 14758 | Lair:3   | Reached skill level 10 in Shields
 14778 | Lair:3   | Reached *** piety under Makhleb
 15160 | Lair:3   | Found a staircase to the Shoals.
 15679 | Lair:4   | Noticed a six-headed hydra
 15702 | Lair:4   | Killed a six-headed hydra
 16595 | Lair:4   | Found a hole to the Spider Nest.
 17517 | Lair:5   | Reached skill level 1 in Invocations
 18191 | Lair:5   | Noticed a catoblepas
 18208 | Lair:5   | Killed a catoblepas
 18314 | Lair:5   | Reached XP level 13. HP: 84/95 MP: 13/13
 18479 | Lair:5   | Reached skill level 15 in Armour
 18962 | Lair:5   | Reached skill level 19 in Maces & Flails
 19407 | Lair:6   | Entered Level 6 of the Lair of Beasts
 20127 | Lair:6   | Reached skill level 5 in Invocations
 20294 | Lair:6   | Reached **** piety under Makhleb
 21167 | Lair:6   | Reached XP level 14. HP: 95/103 MP: 17/17
 21407 | Lair:6   | HP: 4/105 [small abomination (12)]
 22437 | D:11     | Found a staircase to the Orcish Mines.
 22457 | D:11     | Reached skill level 5 in Fighting
 22624 | D:11     | Reached ***** piety under Makhleb
 22642 | D:11     | HP: 5/107 [electric eel/bolt of electricity (5)]
 22644 | D:11     | HP: 2/107 [electric eel/bolt of electricity (4)]
 23682 | D:12     | Found a runed translucent gate.
 23683 | D:12     | Found a runed translucent gate.
 23683 | D:12     | Found a runed translucent gate.
 23725 | D:12     | Found a blossoming altar of Fedhas.
 23810 | D:12     | Noticed Afrar's ghost (journeyman FoFi)
 24617 | D:12     | Killed Afrar's ghost
 24669 | D:12     | Got the ring of Osiucuiff {Fire Str+3}
 24950 | D:13     | HP: 3/116 [centaur warrior/arrow (18)]
 24955 | D:13     | HP: 5/118 [centaur warrior/arrow (8)]
 24960 | D:12     | HP: 1/118 [troll (2)]
 24962 | D:12     | Slain by a troll

Illustrated notes

Levels and vault maps discovered:
D:1:      heliophobic_arrival_henge, layout_loops_ring, serial_rivers,
          chequers_serial_rivers_room_b, chequers_serial_rivers_large_a,
          chequers_serial_rivers_marsh, chequers_serial_rivers_micro_b,
          chequers_serial_rivers_room_a, chequers_serial_rivers_small_3,
          chequers_ecumenical_altar_simple
D:2:      layout_basic
D:3:      layout_rooms
D:4:      layout_gridville, gammafunk_ghost_split, serial_bayou_pond_b,
          dk_vineyard_2
D:5:      minmay_opposing_rooms, layout_basic, minmay_temple_entry_grid,
          portal_sewer_entry_b, minmay_manual_mail
D:6:      layout_gridville
D:7:      layout_loops_cross
D:8:      layout_basic, serial_shops,
          nicolae_shop_temple_entry_statues_fountains
D:9:      layout_rooms, chequers_hall_statues_corner_a
D:10:     layout_small_grid, minitemple
D:11:     layout_irregular_city, david_orc_5, minivault_24, serial_bayou_lake_a
D:12:     layout_basic, gammafunk_ghost_icy, fedhas_bush_and_centaur_altar
D:13:     layout_cave_pools, grunt_decor_clamped,
          nicolae_sif_muna_little_library
Temple:   regret_index_temple_chain_breaker
Lair:1:   layout_loops_ring, hangedman_lair_unloving_vines, grunt_megastairs_4
Lair:2:   layout_gridlike, serial_bayou_shore_a, grunt_megastairs_2, uniq_maggie
Lair:3:   layout_loops_ring, elwin_shoals_entry_stream, enter_volcano_1,
          uniq_urug
Lair:4:   layout_hall_layers, nicolae_spider_entry_orb_guardian,
          chequers_serial_rivers_micro_a
Lair:5:   layout_roguey, minmay_slime_entry_oklob_enclosed,
          chequers_serial_rivers_micro_c, cheibrodos_lair_caveside_slide,
          infiniplex_staircase_pool_2, serial_bayou_shore_b, grunt_megastairs_5,
          lemuel_fruit_tree, lemuel_fruit_fields
Lair:6:   hellmonk_lair_end_abyssal_woods, layout_regular_city

Skill      XL: |  1  2  3  4  5  6  7  8  9 10 11 12 13 14 |
---------------+-------------------------------------------+-----
Maces & Flails | 3 4 5 6 7 9 11 14 16 18 19 | 19.9
Throwing       | 1 |  1.0
Armour         | 6 11 14 17 | 17.3
Shields        | 5 9 11 | 11.4
Invocations    | 2 5 6 |  6.7
Fighting       | 9 |  9.0

Action                   |  1- 3 |  4- 6 |  7- 9 | 10-12 | 13-15 || total
-------------------------+-------+-------+-------+-------+-------++-------
Melee: Flail             |    94 |    95 |    55 |       |       ||   244
       Headbutt          |    13 |    15 |    55 |   154 |   241 ||   478
       Morningstar       |       |       |   197 |   783 |   790 ||  1770
Throw: Stone             |     2 |     2 |       |       |       ||     4
       Dart              |       |       |     3 |    21 |    12 ||    36
  Use: Scroll            |       |       |    15 |     4 |     8 ||    27
       Potion            |       |       |     3 |     4 |     8 ||    15
 Stab: Sleeping          |       |       |       |       |     2 ||     2
Armor: Scale mail        |    42 |     8 |       |       |       ||    50
       Plate armour      |       |    48 |    95 |   270 |   122 ||   535
       Skin              |       |       |       |    42 |       ||    42
       Shadow dragon sca |       |       |       |       |   117 ||   117
Dodge: Dodged            |    46 |    38 |    36 |   150 |   175 ||   445
Block: Buckler           |    20 |    17 |    72 |   321 |   291 ||   721
       Reflection        |       |       |     2 |     1 |    13 ||    16
